 Dungeon Crawl Stone Soup version 0.17-a0-1920-gafa4d75 (webtiles) character file.

55 Enno the Caller (level 3, -1/24 HPs)
             Began as a Vampire Summoner on Sept 27, 2015.
             Slain by a phantom (10 damage)
             ... on level 3 of the Dungeon.
             The game lasted 00:48:26 (3797 turns).

Enno the Caller (Vampire Summoner)                  Turns: 3797, Time: 00:48:27

Health: -1/24      AC:  5    Str:  7    XL:     3   Next: 67%
Magic:  3/7        EV: 13    Int: 18    God:
Gold:   70         SH:  0    Dex: 14    Spells: 2 memorised, 4 levels left

rFire  . . .     SeeInvis +     d - +0 short sword
rCold  + . .     Clarity  .     s - +0 robe
rNeg   + + .     SustAt   .     (no shield)
rPois  +         Gourm    .     (no helmet)
rElec  .         Spirit   .     l - +2 cloak
rCorr  .         Warding  .     (no gloves)
rMut   +         Stasis   .     (no boots)
MR     .....                    o - amulet of resist mutation
Stlth  +++.......               (no ring)
                                (no ring)

@: very slightly contaminated, regenerating slowly, not resistant to hostile
enchantments, fairly stealthy
A: fangs 3, see invisible, unbreathing
a: Bat Form


You were on level 3 of the Dungeon.
You were thirsty.

You visited 1 branch of the dungeon, and saw 3 of its levels.

You collected 70 gold pieces.

Inventory:

Hand weapons
 d - a +0 short sword (weapon)
 h - a +0 dagger
Missiles
 p - 6 curare-tipped needles (quivered)
Armour
 l - a +2 cloak (worn)
 s - a +0 robe (worn)
Jewellery
 o - an amulet of resist mutation (around neck)
 v - an uncursed ring of stealth {unknown}
Scrolls
 a - a scroll of remove curse {unknown}
 e - a scroll of enchant weapon {unknown}
 f - 3 scrolls of amnesia {unknown}
 g - a scroll of identify {unknown}
 i - a scroll of noise {unknown}
 j - a scroll of enchant armour {unknown}
 q - a scroll of fog {unknown}
 u - 2 scrolls of fear {unknown}
Potions
 c - 8 potions of blood
 k - a potion of brilliance {unknown}
 m - a potion of magic {unknown}
 n - a potion of mutation {unknown}
 r - 3 potions of curing {unknown}
 t - a potion of heal wounds {unknown}
Books
 b - a book of Callings

   Spells                             Type                      Level
   a - Summon Small Mammal            Summoning                    1
   b - Call Imp                       Summoning                    2
   c - Call Canine Familiar           Summoning                    3
   d - Summon Guardian Golem          Hexes/Summoning              3
   e - Summon Lightning Spire         Summoning/Air                4
   f - Summon Ice Beast               Ice/Summoning                4


   Skills:
 + Level 2.4 Dodging
 + Level 3.2 Stealth
 + Level 2.9 Spellcasting
 + Level 4.6 Summonings


You had 4 spell levels left.
You knew the following spells:

 Your Spells              Type           Power        Failure   Level  Hunger
a - Summon Small Mammal   Summ           ###.         2%          1    None
b - Call Imp              Summ           ###.....     4%          2    ##.....


Dungeon Overview and Level Annotations

Branches:
Dungeon (3/15)

Altars:


Innate Abilities, Weirdness & Mutations

You heal slowly.
You have razor-sharp teeth.
You have supernaturally acute eyesight.
You can survive without breathing.


Message History

The phantom hits your crimson imp!
The phantom blinks!
Casting: Call Imp
Confirm with . or Enter, or press ? or * to list all spells.
You miscast Call Imp.
You are very lightly contaminated with residual magic.
The world appears momentarily distorted.
Your crimson imp hits the phantom.
The phantom barely misses you. What do you say? t - Shout!
Orders for allies: a - Attack new target. p - Attack previous target. r - Retreat! s - Stop attacking. w - Wait here. f - Follow me.
Anything else - Stay silent.
Gang up on whom?
Press: ? - help, Dir - move target cursor, f/p - phantom
Aim: a phantom (moderately damaged) Attack!
Your crimson imp hits the phantom.
The phantom hits you.
Your crimson imp hits the phantom but does no damage.
Your crimson imp misses the phantom.
The phantom hits you!
You die...

# #### #...
...##############
....#
#......W5†......
...
#######@5##.####
## ##5# #.# #####
#.# #####.... #.#
#[....###
########.#
#.##..##<
#...5....# #)....
#.######## #...#.
#.#####.# #...#


You could see a phantom and 3 friendly crimson imps.

Vanquished Creatures
  A goblin (D:1)
  2 bats
  A giant cockroach (D:1)
  A giant newt (D:1)
5 creatures vanquished.

Vanquished Creatures (collateral kills)
  4 adders
  A giant gecko (D:1)
  6 giant cockroaches
  3 goblins (D:1)
  5 hobgoblins
  11 kobolds
  A ball python (D:1)
  7 bats
  6 giant newts
  5 rats
49 creatures vanquished.

Grand Total: 54 creatures vanquished

Notes
Turn   | Place    | Note
--------------------------------------------------------------
     0 | D:1      | Enno the Vampire Summoner began the quest for the Orb.
     0 | D:1      | Reached XP level 1. HP: 13/13 MP: 3/3
   727 | D:1      | Reached XP level 2. HP: 19/19 MP: 1/5
  1905 | D:2      | Learned a level 2 spell: Call Imp
  2020 | D:2      | Reached XP level 3. HP: 24/24 MP: 1/6
  3754 | D:3      | Noticed a phantom
  3797 | D:3      | Slain by a phantom

Vault maps used:
D:1:      dpeg_arrival_arbitrary_a, monster_avoids_cloud
D:3:      forest_paths

Action                   || total
-------------------------++-------
Melee: Short sword       ||    19
       Unarmed           ||    31
 Cast: Summon Small Mamm ||    79
       Call Imp          ||    35
 Abil: End Transformatio ||     2
       Bat Form          ||     2
  Use: Scroll            ||     1
       Potion            ||     4
  Eat: Corpse            ||     4
